 Dungeon Crawl Stone Soup version 0.29.1-12-g30fa7ad0bf (webtiles) character file.

Game seed: 18119833227283444315

51 nachturnus the Slasher (level 4, -2/29 (36) HPs)
             Began as a Meteoran Gladiator on Jan 4, 2023.
             Slain by a water moccasin (7 damage)
             ... on level 3 of the Dungeon.
             The game lasted 00:04:21 (1456 turns).

nachturnus the Slasher (Meteoran Gladiator)         Turns: 1456, Time: 00:04:21

HP:   -2/29 (36)    AC:  6    Str: 15    XL:     4   Next: 27%
MP:   5/5           EV: 13    Int: 10    God:
Gold: 134           SH:  0    Dex: 23    Spells: 3/3 levels left

rFire   . . .      SeeInvis .   a - +0 long sword
rCold   . . .      Faith    .   (no shield)
rNeg    + . .      Spirit   .   g - +0 ring mail
rPois   .          Reflect  .   c - +0 helmet
rElec   .          Harm     .   (no cloak)
rCorr   .          Rampage  .   (no gloves)
Will    .....                   (no boots)
Stlth   +.........              (no amulet)
HPRegen 0.09/turn               q - +6 ring of dexterity
MPRegen 0.09/turn               r - ring of positive energy

@: lethally poisoned (-2 -> -7), glowing, heavily drained
A: sense surroundings 1, otherworldly, glowing, explore regen
a: no special abilities


You were on level 3 of the Dungeon.
You visited 1 branch of the dungeon, and saw 3 of its levels.

You collected 134 gold pieces.

Inventory:

Hand Weapons
 a - a +0 long sword (weapon)
Missiles
 d - 3 throwing nets (quivered)
 e - a javelin
Armour
 b - a +0 leather armour
 c - a +0 helmet (worn)
 g - a +0 ring mail (worn)
Jewellery
 q - a +6 ring of dexterity (left hand)
 r - a ring of positive energy (right hand)
Scrolls
 j - a scroll of amnesia {unknown}
 k - a scroll of acquirement {unknown}
 m - a scroll of teleportation {unknown}
 n - a scroll of noise {unknown}
 o - 2 scrolls of identify
 p - a scroll of torment {unknown}
Potions
 f - a potion of cancellation
 h - a potion of heal wounds {unknown}
 i - 2 potions of brilliance
 l - a potion of flight {unknown}


   Skills:
 - Level 2.1 Fighting
 + Level 5.6 Long Blades
 - Level 2.4 Throwing
 - Level 3.6 Dodging


You had 3 spell levels left.
You didn't know any spells.
Your spell library contained the following spells:

 Spells                   Type           Power      Damage    Failure   Level
 Sandblast                Erth           0%         2d4       58%         1
 Passwall                 Tmut/Erth      0%         N/A       75%         2
 Stone Arrow              Conj/Erth      0%         3d7       92%         3


Dungeon Overview and Level Annotations

Branches:
Dungeon (3/15) Zot: 521

Altars:


Innate Abilities, Weirdness & Mutations

You passively map a small area around you.
You are easily found by Zot.
You glow in the dark.
You regain HP and MP as you explore.


Message History

You kill the adder!
No target in view!
You see here an adder corpse.
Found a stone staircase leading down.
There is a stone staircase leading down here.
You hear the slow rusting of a drain nearby.
You now have 134 gold pieces (gained 18).
r - a ring of positive energy A water moccasin comes into view.
The water moccasin hisses angrily.
r - a ring of positive energy (right hand)
As you read the scroll labelled ZOZANUOFEF, it crumbles to dust.
It is a scroll of identify.
i - 2 potions of brilliance
As you read the scroll of identify, it crumbles to dust.
f - a potion of cancellation You barely miss the water moccasin.
You hear the rusting of a distant drain.
The water moccasin bites you.
You are poisoned.
The water moccasin poisons you! The water moccasin closely misses you.
You closely miss the water moccasin.
You feel very sick.
The water moccasin bites you but does no damage.
You miss the water moccasin.
You feel very sick.
The water moccasin completely misses you.
The water moccasin bites you but does no damage.
You slash the water moccasin!
The water moccasin is moderately wounded.
You feel sick. The water moccasin misses you.
You barely miss the water moccasin.
The water moccasin is moderately wounded.
You feel sick. The water moccasin bites you. x2
You miss the water moccasin.
The water moccasin is moderately wounded.
You feel sick. The water moccasin bites you.
* * * LOW HITPOINT WARNING * * *
The water moccasin bites you!
You die...

##################
#................#
###.##.#######.###.#
#......# #.# #.#
####.#.#### #.# #.#
.......# #.###.#
##.....#*########.#...#
.......# ......S..#.###
##.....# * * #@.#.#
##...## #..#.# * ##.##
* * #..#.## ... ,
*#.....# , ##...
*#.##..# #.# , *#.##..#
#.# *, , #.##..# , , ,
#.##..# , *#.##..#


You could see a water moccasin.

Vanquished Creatures
  An adder (D:3)
  A worm (D:2)
  2 dart slugs (D:1)
  2 bats
  An endoplasm (D:1)
  2 giant cockroaches
  7 goblins (D:1)
  A hobgoblin (D:1)
  2 jackals (D:2)
  5 quokkas
  2 ball pythons
  2 frilled lizards
  A kobold (D:1)
  5 rats
34 creatures vanquished.

Notes
Turn   | Place    | Note
-------+----------+-------------------------------------------
     0 | D:1      | nachturnus the Meteoran Gladiator began the quest for the
                  | Orb.
     0 | D:1      | Reached XP level 1. HP: 17/17 MP: 2/2
   478 | D:1      | Reached skill level 4 in Long Blades
   533 | D:1      | Reached XP level 2. HP: 16/24 MP: 3/3
   823 | D:1      | Reached XP level 3. HP: 29/29 MP: 4/4
  1081 | D:1      | Reached skill level 5 in Long Blades
  1086 | D:1      | Glimpsed the power of Zot.
  1134 | D:1      | Glimpsed the power of Zot.
  1173 | D:1      | Glimpsed the power of Zot.
  1183 | D:1      | Touched by the power of Zot.
  1262 | D:2      | Reached XP level 4. HP: 13/27 MP: 5/5
  1280 | D:2      | Glimpsed the power of Zot.
  1447 | D:3      | Noticed a water moccasin
  1456 | D:3      | Slain by a water moccasin

Illustrated notes

Levels and vault maps discovered:
D:1:      tarquinn_simple_flora_water_a, layout_loops_corners,
          minmay_tetromino_o4
D:2:      layout_rooms, serial_bayou_pond_d
D:3:      layout_loops_ring, hellmonk_ecumenical_altar_inner_sanctum,
          gup_sewer_entry_spiral, uniq_terence

Skill      XL: |  1  2  3 |
---------------+----------+-----
Long Blades    | 4 5 |  5.6
Fighting       | |  2.1
Throwing       | |  2.4
Dodging        | |  3.6

Action                   |  1- 3 |  4- 6 || total
-------------------------+-------+-------++-------
Melee: Long sword        |   114 |    22 ||   136
  Use: Scroll            |       |     2 ||     2
Armor: Ring mail         |    40 |     7 ||    47
       Leather armour    |     2 |       ||     2
Dodge: Dodged            |    63 |    11 ||    74
